 Dungeon Crawl Stone Soup version 0.23.2-40-g277498a001 (webtiles) character file.

Game seed: 1877358468212087700

14018 Felnil the Fighter (level 11, -7/108 HPs)
             Began as a Deep Dwarf Fighter on Aug 13, 2019.
             Was an Elder of Ru.
             Mangled by a slime creature (8 damage)
             ... on level 1 of the Pits of Slime.
             The game lasted 00:42:13 (7668 turns).

Felnil the Fighter (Deep Dwarf Fighter)             Turns: 7668, Time: 00:42:14

Health: -7/108     AC: 21    Str: 28      XL:     11   Next: 83%
Magic:  0/0        EV:  7    Int: 10 (11) God:    Ru [****..]
Gold:   540        SH:  9    Dex: 12      Spells: 10/10 levels left

rFire    + + .     SeeInvis .   F - +8 hand axe "Nusegag" {distort, rC+ rN+ MR+}
rCold    + + .     Gourm    .   e - +3 buckler {AC+3}
rNeg     + . .     Faith    .   y - +2 plate armour
rPois    .         Spirit   .   (no helmet)
rElec    .         Reflect  .   (no cloak)
rCorr    .         Harm     .   s - +2 pair of gloves
MR       +....                  (no boots)
Stlth    ..........             I - amulet of rage
HPRegen  0.00/turn              G - ring "Erugh" {rF+ rC+ Str+5 Int+2}
MPRegen  0.07/turn              R - ring of protection from fire

@: about to teleport, non-regenerating, heavily drained
A: damage resistance, heal wounds, frail 1, sense surroundings 2, inability to
train dodging, magic vulnerability 1, no regeneration
a: Heal Wounds, Draw Out Power, Power Leap, Renounce Religion, Evoke Berserk
Rage


You were on level 1 of the Pits of Slime.
You worshipped Ru.
Ru was greatly pleased with you.
You were near starving.

You visited 4 branches of the dungeon, and saw 14 of its levels.

You collected 540 gold pieces.

Inventory:

Hand Weapons
 a - a +0 war axe
 o - the +4 mace of Calamity {holy, SInv}
   (You found it on level 6 of the Dungeon)

   It has been blessed by the Shining One to cause great damage to the undead
   and demons.
   It lets you see invisible.
 r - a +2 mace of protection
 x - a +3 dagger of speed
 B - the cursed +1 spear of the Yoke {antimagic, +Blink MR++ Str-2, unknown}
   (You found it on level 4 of the Dungeon)

   It reduces the magical energy of the wielder, and disrupts the spells and
   magical abilities of those hit.
   Natural abilities and divine invocations are not affected.
   It affects your strength (-2).
   It affects your resistance to hostile enchantments.
   It lets you blink.
   It has a curse placed upon it.
 F - the +8 hand axe "Nusegag" (weapon) {distort, rC+ rN+ MR+}
   (You found it on level 6 of the Dungeon)

   It warps and distorts space around it.
   Unwielding it can cause banishment or high damage.
   It protects you from cold.
   It protects you from negative energy.
   It affects your resistance to hostile enchantments.
Armour
 b - a +0 scale mail
 c - a +0 shield
 e - a +3 buckler of protection (worn)
 p - a cursed +0 scale mail
 s - a +2 pair of gloves (worn)
 w - a +1 ring mail of positive energy
 y - a +2 plate armour (worn)
Jewellery
 z - an uncursed amulet of the acrobat {unknown}
 G - the ring "Erugh" (left hand) {rF+ rC+ Str+5 Int+2}
   (You found it on level 7 of the Dungeon)

   [ring of protection from fire]

   It affects your strength (+5).
   It affects your intelligence (+2).
   It protects you from fire.
   It protects you from cold.
 I - an amulet of rage (around neck)
 J - an uncursed ring of ice
 L - an uncursed amulet of magic regeneration
 R - a ring of protection from fire (right hand)
Wands
 l - a wand of random effects (14)
 u - a wand of disintegration (1)
 v - a wand of polymorph (3)
 C - a wand of enslavement (6)
 K - a wand of flame (12)
 N - a wand of iceblast (13)
 O - a wand of paralysis (6)
Scrolls
 h - 2 scrolls of remove curse
 j - 2 scrolls of fog
 k - 5 scrolls of enchant weapon
 m - a scroll of magic mapping
 q - a scroll of fear
Potions
 d - 3 potions of might
 g - 2 potions of flight
 i - 4 potions of agility
 t - 3 potions of magic
 A - 2 potions of resistance
 D - 3 potions of berserk rage
 E - 2 potions of brilliance
 M - a potion of invisibility
Comestibles
 f - 35 rations


   Skills:
 * Level 14.5(12.4) Fighting
 - Level 2.1(0.6) Axes
 + Level 9.6(7.7) Armour
 + Level 9.6(7.7) Shields


You had 10 spell levels left.
You didn't know any spells.
Your spell library contained the following spells:

 Spells                   Type           Power        Failure   Level  Hunger
 Confusing Touch          Hex            #.....       98%         1    ##.....
 Flame Tongue             Conj/Fire      #....        98%         1    ##.....
 Throw Flame              Conj/Fire      #.....       99%         2    ###....
 Conjure Flame            Conj/Fire      #.......     100%        3    ####...
 Inner Flame              Hex/Fire       #.......     100%        3    ####...
 Airstrike                Air            #.........   100%        4    #####..
 Sticky Flame             Conj/Fire      #.......     100%        4    #####..
 Summon Lightning Spire   Summ/Air       #.......     100%        4    #####..
 Fireball                 Conj/Fire      #.........   100%        5    ######.
 Yara's Violent Unravell  Hex/Tmut       #.........   100%        5    ######.
 Invisibility             Hex            #.......     100%        6    #######


Dungeon Overview and Level Annotations

Branches:
Dungeon (8/15)             Temple (1/1) D:4            Lair (5/6) D:8
  Slime (1/5) Lair:5
  Swamp: Lair:2-4    Shoals: Lair:2-4     Snake: Lair:2-4    Spider: Lair:2-4

Altars:
Ashenzari
Cheibriados
Dithmenos
Elyvilon
Fedhas
Gozag
Hepliaklqana
Kikubaaqudgha
Makhleb
Nemelex Xobeh
Okawaru
Qazlal
Ru
Sif Muna
Trog
Uskayaw
Vehumet
Wu Jian
Xom
Yredelemnul
Zin
The Shining One

Shops:
D:4 !   D:7 (

Annotations:
Lair:5 Josephine


Innate Abilities, Weirdness & Mutations

You are resistant to damage.
You can heal yourself by infusing magical energy.
You are frail. (-10% HP)
You passively map the area around you.
You cannot train Dodging skill.
You are slightly vulnerable to magic. (MR-)
You do not regenerate.


Message History

The blast of calcifying dust hits you.
* * * LOW HITPOINT WARNING * * *
The slime creature hits you but does no damage.
You are engulfed in calcifying dust.
The catoblepas gores you but does no damage.
The slime creature hits you but does no damage.
You turn to flesh and can move again.
As you read the scroll of teleportation, it crumbles to dust.
You feel strangely unstable.
You are engulfed in calcifying dust.
The catoblepas gores you but does no damage.
The slime creature hits you but does no damage.
You are splashed with acid!
* * * LOW HITPOINT WARNING * * *
You redirect the catoblepas's attack!
The catoblepas gores itself but does no damage.
The slime creature hits you but does no damage.
You are splashed with acid!
* * * LOW HITPOINT WARNING * * *
The slime creature hits you!
You die...

, ..........,,
, .............
, ,
,............
,, ,...........
* ,..........#*
, ..........##
, ...........#
, ,
#.#......<.# *
, .......@Y..#
.......#J..#* ,
#...........# *
,###.#........#
* #
#....ยง.....
#...........
...#.......##
##.##......## *
* ,


You could see a catoblepas and a slime creature.

Vanquished Creatures
  A two-headed ogre (D:8)
  3 black mambas
  2 spiny frogs (Lair:2)
  Grinder (D:4)
  2 hippogriffs
  2 wyverns
  2 hogs (D:7)
  9 yaks
  3 wraiths (Lair:5)
  A human (D:7)
  3 basilisks
  Duvessa (D:4)
  2 water moccasins
  6 porcupines
  2 ice beasts (D:8)
  An orc warrior (D:6)
  4 black bears (D:8)
  2 sky beasts
  A phantom (D:5)
  2 centaurs
  4 ogres
  13 wolves
  3 crocodiles (D:8)
  5 bullfrogs
  Dowan (D:4)
  2 scorpions
  2 electric eels (Lair:1)
  A lava snake (Lair:2)
  4 crimson imps
  A quasit (D:5)
  A centaur zombie (D:8)
  7 hounds
  4 orc priests
  A bullfrog skeleton (D:6)
  A centaur skeleton (D:8)
  3 jellies
  2 iguanas
  Ijyb (D:3)
  8 orc wizards
  3 worker ants
  A killer bee zombie (D:8)
  5 adders
  3 shadow imps
  3 oozes
  2 adder skeletons
  3 worms
  3 dart slugs
  7 leopard geckos
  35 orcs
  4 giant cockroaches
  7 goblins
  9 hobgoblins
  7 jackals
  2 quokkas (D:8)
  A ball python (D:1)
  A ball python skeleton (D:4)
  6 bats
  3 frilled lizards
  11 kobolds
  A quokka skeleton (D:8)
  A quokka zombie (D:7)
  6 rats
  2 fungi
240 creatures vanquished.

Vanquished Creatures (others)
  A hydra (Lair:2)
  A spiny frog (Lair:2)
  A basilisk (Lair:3)
  6 yaks
  A hog (D:7)
  2 water moccasins
  4 wolves
  A scorpion (D:8)
  2 hounds
  A jelly (Lair:5)
  3 fungi
  3 plants
26 creatures vanquished.

Grand Total: 266 creatures vanquished

Notes
Turn   | Place    | Note
-------+----------+-------------------------------------------
     0 | D:1      | Felnil the Deep Dwarf Fighter began the quest for the Orb.
     0 | D:1      | Reached XP level 1. HP: 20/20 MP: 1/1
   179 | D:1      | Reached skill level 3 in Fighting
   203 | D:1      | Reached XP level 2. HP: 23/28 MP: 2/2
   516 | D:2      | Reached XP level 3. HP: 25/34 MP: 3/3
   934 | D:3      | Reached XP level 4. HP: 26/44 MP: 4/4
  1228 | D:3      | Reached skill level 4 in Fighting
  1548 | D:3      | Noticed Ijyb
  1562 | D:3      | Killed Ijyb
  1562 | D:3      | Reached XP level 5. HP: 41/50 MP: 3/3
  1693 | D:4      | Noticed Dowan
  1695 | D:4      | Noticed Duvessa
  1707 | D:4      | Killed Duvessa
  1717 | D:4      | Killed Dowan
  1717 | D:4      | Reached XP level 6. HP: 36/60 MP: 4/4
  1749 | D:4      | Reached skill level 5 in Fighting
  1780 | D:4      | Reached skill level 5 in Armour
  1780 | D:4      | Reached skill level 5 in Shields
  1914 | D:4      | Reached XP level 7. HP: 52/67 MP: 3/3
  2027 | D:4      | Found a staircase to the Ecumenical Temple.
  2036 | D:4      | Got a shimmering spear
  2041 | Temple   | Entered the Ecumenical Temple
  2075 | Temple   | Became a worshipper of Ru the Awakened
  2374 | D:4      | Noticed a hippogriff
  2385 | D:4      | Killed a hippogriff
  2385 | D:4      | Reached skill level 6 in Fighting
  2403 | D:4      | Noticed Grinder
  2413 | D:4      | Paralysed by Grinder for 7 turns
  2428 | D:4      | Paralysed by Grinder for 6 turns
  2437 | D:4      | Killed Grinder
  2599 | D:4      | Found Wonih's Distillery.
  2692 | D:5      | Entered Level 5 of the Dungeon
  2745 | D:5      | Reached XP level 8. HP: 54/78 MP: 4/4
  2764 | D:5      | Found a sparkling altar of Nemelex Xobeh.
  2764 | D:5      | Found a stormy altar of Qazlal.
  2770 | D:5      | Found a glowing golden altar of the Shining One.
  2772 | D:5      | Found an opulent altar of Gozag.
  2774 | D:5      | Found a faded altar of an unknown god.
  2883 | D:5      | Identified Waqogh's Reference Book on Cloudy Beguiling
  3016 | D:5      | Reached skill level 7 in Fighting
  3523 | D:6      | Found an iron altar of Okawaru.
  3534 | D:6      | Got a scorched hand axe
  3535 | D:6      | Identified the +8 hand axe "Nusegag" {distort, rC+ rN+ MR+}
                  | (You found it on level 6 of the Dungeon)
  3576 | D:6      | Got a crystal mace
  3578 | D:6      | Reached skill level 12 in Fighting
  3578 | D:6      | Gained mutation: You passively map the area around you.
                  | [Deep Dwarf growth]
  3578 | D:6      | Reached XP level 9. HP: 64/100 MP: 5/5
  3965 | D:6      | Gained mutation: You are frail. (-10% HP) [Ru sacrifice]
  3965 | D:6      | Reached * piety under Ru
  3965 | D:6      | Reached ** piety under Ru
  4145 | D:7      | Found Ufaog's Antique Weapon Shoppe.
  4210 | D:7      | Reached XP level 10. HP: 61/98 MP: 6/6
  4330 | D:7      | Identified the +4 mace of Calamity {holy, SInv} (You found
                  | it on level 6 of the Dungeon)
  4419 | D:7      | Got a translucent copper ring
  4420 | D:7      | Identified the ring "Erugh" {rF+ rC+ Str+5 Int+2} (You
                  | found it on level 7 of the Dungeon)
  4592 | D:7      | Reached skill level 13 in Fighting
  4849 | D:8      | Found a staircase to the Lair.
  5003 | D:8      | Gained mutation: You are slightly vulnerable to magic.
                  | (MR-) [Ru sacrifice]
  5003 | D:8      | Reached *** piety under Ru
  5043 | D:8      | Noticed a two-headed ogre
  5049 | D:8      | Killed a two-headed ogre
  5266 | Lair:1   | Entered Level 1 of the Lair of Beasts
  5266 | Lair:1   | Noticed a black mamba
  5275 | Lair:1   | Killed a black mamba
  5489 | Lair:1   | Reached XP level 11. HP: 93/105 MP: 4/4
  6143 | Lair:2   | Reached skill level 14 in Fighting
  6278 | Lair:2   | Gained mutation: You cannot train Dodging skill. [Ru
                  | sacrifice]
  6278 | Lair:2   | Reached **** piety under Ru
  6302 | Lair:2   | Noticed a seven-headed hydra
  6849 | Lair:2   | Banished a 17-headed hydra
  7252 | Lair:3   | You fall through a shaft for 2 floors!
  7261 | Lair:5   | Noticed a catoblepas
  7316 | Lair:5   | Noticed a four-headed hydra
  7318 | Lair:5   | Noticed Josephine
  7419 | Lair:5   | HP: 2/108 [ten-headed hydra (9)]
  7565 | Lair:5   | Found a staircase to the Slime Pits.
  7584 | Lair:5   | HP: 5/108 [catoblepas (11)]
  7588 | Lair:5   | HP: 2/108 [catoblepas/blast of calcifying dust (3)]
  7655 | Slime:1  | Entered Level 1 of the Pits of Slime
  7668 | Slime:1  | HP: 1/108 [acid (6)]
  7668 | Slime:1  | Mangled by a slime creature

Skill      XL: |  1  2  3  4  5  6  7  8  9 10 11 |
---------------+----------------------------------+-----
Fighting       | 3 4 5 6 12 13 14 | 14.5
Shields        | 4 5 6 7 8 9 |  9.6
Armour         | 4 5 6 7 8 9 |  9.6
Axes           | |  2.1

Action                   |  1- 3 |  4- 6 |  7- 9 | 10-12 || total
-------------------------+-------+-------+-------+-------++-------
Melee: War axe           |   111 |   188 |   206 |       ||   505
       Hand axe          |       |       |    48 |   358 ||   406
Invok: Sacrifice Health  |       |       |     1 |       ||     1
       Draw Out Power    |       |       |       |    13 ||    13
       Sacrifice Essence |       |       |       |     1 ||     1
       Sacrifice Nimblen |       |       |       |     1 ||     1
 Abil: Heal Wounds       |       |     6 |     6 |    15 ||    27
       Evoke Berserk Rag |       |       |       |     3 ||     3
Evoke: Wand              |       |     2 |     1 |    12 ||    15
  Use: Scroll            |       |     4 |    11 |    16 ||    31
       Potion            |       |       |     1 |     7 ||     8
 Stab: Distracted        |       |       |       |     1 ||     1
  Eat: Chunk             |       |     4 |     8 |     6 ||    18
       Ration            |       |       |       |     2 ||     2
Armor: Scale mail        |    61 |   102 |     3 |       ||   166
       Skin              |       |    21 |       |       ||    21
       Plate armour      |       |       |   215 |   379 ||   594
Dodge: Dodged            |    69 |    79 |    70 |   142 ||   360
Block: Buckler           |    43 |    94 |    88 |   193 ||   418
